 Dungeon Crawl Stone Soup version 0.31-a0-1237-gabc64e778c (webtiles) character file.

Game seed: 5599921886718323453

140 Hubris850 the Protected (level 5, -1/37 HPs)
             Began as a Gnoll Wanderer on Dec 15, 2023.
             Slain by a black bear (3 damage)
             ... on level 4 of the Dungeon.
             The game lasted 00:07:43 (2974 turns).

Hubris850 the Protected (Gnoll Wanderer)            Turns: 2974, Time: 00:07:43

Health: -1/37      AC: 13    Str: 11    XL:     5   Next: 22%
Magic:  7/7        EV:  9    Int: 12    God:
Gold:   135        SH:  0    Dex: 13    Spells: 6/6 levels left

rFire   . . .        u - +0 rapier
rCold   . . .        (no shield)
rNeg    . . .        p - +0 plate armour
rPois   .            (no helmet)
rElec   .            (no cloak)
rCorr   +            (no gloves)
SInv    .            (no boots)
Will    .....        (no amulet) Stlth
                     n - +5 ring of evasion
HPRegen 0.26/turn    s - ring of resist corrosion
MPRegen 0.10/turn

%: no passive effects
@: no status effects
A: fangs 1, strong nose, distributed training
a: no special abilities


You were on level 4 of the Dungeon.
You visited 1 branch of the dungeon, and saw 4 of its levels.

You collected 135 gold pieces.

Inventory:

Hand Weapons
 a - a +0 short sword
 b - a +0 sling
 d - a +0 war axe of venom
 u - a +0 rapier (weapon)
Missiles
 q - 2 poisoned darts
Armour
 l - a +0 chain mail
 p - a +0 plate armour (worn)
Jewellery
 n - a +5 ring of evasion (left hand)
 s - a ring of resist corrosion (right hand)
Talismans
 i - a flux talisman
Scrolls
 f - 2 scrolls of amnesia {unknown}
 g - a scroll of brand weapon {unknown}
 h - a scroll of acquirement {unknown}
 m - 3 scrolls of identify {unknown}
 r - 2 scrolls of teleportation {unknown}
 v - a scroll of fear
 w - a scroll of enchant weapon {unknown}
Potions
 c - 2 potions of curing
 e - a potion of heal wounds {unknown}
 j - 2 potions of invisibility {unknown}
 k - a potion of lignification {unknown}
 o - a potion of attraction {unknown}
 t - 2 potions of enlightenment {unknown}


   Skills:
 + Level 1.4 Fighting
 + Level 6.7 Short Blades
 + Level 1.4 Long Blades
 + Level 1.4 Axes
 + Level 1.4 Maces & Flails
 + Level 1.4 Polearms
 + Level 1.4 Staves
 + Level 1.4 Ranged Weapons
 + Level 1.4 Throwing
 + Level 8.6 Armour
 + Level 2.9 Dodging
 + Level 2.7 Stealth
 + Level 1.4 Shields
 + Level 1.4 Unarmed Combat
 + Level 1.4 Spellcasting
 + Level 1.1 Conjurations
 + Level 1.1 Hexes
 + Level 1.1 Summonings
 + Level 1.1 Necromancy
 + Level 1.1 Translocations
 + Level 1.1 Transmutations
 + Level 1.1 Fire Magic
 + Level 1.1 Ice Magic
 + Level 1.1 Air Magic
 + Level 1.1 Earth Magic
 + Level 1.1 Poison Magic
 + Level 1.6 Invocations
 + Level 2.9 Evocations
 + Level 1.3 Shapeshifting


You had 6 spell levels left.
You didn't know any spells.
Your spell library contained the following spells:

 Spells                   Type           Power      Damage    Failure   Level
 Magic Dart               Conj           12%        1d3       100%        1
 Slow                     Hex            12%        N/A       100%        1
 Call Imp                 Summ           6%         N/A       100%        2
 Cigotuvi's Dreadful Rot  Necr/Pois/Air  6%         N/A       100%        2
 Static Discharge         Conj/Air       6%         3-4/arc   100%        2
 Confusing Touch          Hex            3%         N/A       100%        3
 Mephitic Cloud           Conj/Pois/Air  3%         N/A       100%        3
 Ozocubu's Armour         Ice            3%         N/A       100%        3
 Sigil of Binding         Hex            3%         N/A       100%        3
 Vampiric Draining        Necr           3%         2d6       100%        3
 Airstrike                Air            1%         2d(1-17)  100%        4
 Dispel Undead            Necr           3%         3d7       100%        4
 Summon Lightning Spire   Summ/Air       3%         N/A       100%        4
 Metabolic Englaciation   Hex/Ice        1%         N/A       100%        5
 Summon Forest            Summ/Tloc      1%         N/A       100%        5
 Death Channel            Necr           1%         N/A       100%        6
 Eringya's Noxious Bog    Tmut/Pois      1%         4d6       100%        6
 Simulacrum               Ice/Necr       1%         N/A       100%        6
 Summon Hydra             Summ           1%         N/A       100%        7


Dungeon Overview and Level Annotations

Branches:
Dungeon (4/15)
 Temple: D:4-7

Altars:
Cheibriados
Kikubaaqudgha
Qazlal
Ru
Trog
Vehumet


Innate Abilities, Weirdness & Mutations

You have very sharp teeth.
Your uncanny sense of smell can sniff out nearby items.
Your experience applies equally to all skills.


Message History

The black bear claws you but does no damage.
The black bear closely misses you.
You hit the black bear.
The black bear is heavily wounded.
The black bear bites you but does no damage.
The black bear barely misses you.
The black bear claws you but does no damage.
You hit the black bear.
The black bear is severely wounded.
You hit the black bear. Your punch misses the black bear.
The black bear is severely wounded.
The black bear goes berserk!
You hit the black bear.
You bite the black bear, but do no damage.
The black bear is almost dead.
The black bear barely misses you. The black bear claws you.
The black bear claws you but does no damage.
The black bear bites you. The black bear claws you.
The black bear claws you but does no damage.
You hit the black bear.
The black bear is almost dead.
The black bear bites you!
The black bear claws you but does no damage. x2
You barely miss the black bear.
The black bear is almost dead.
The black bear bites you! The black bear barely misses you.
The black bear claws you.
* * * LOW HITPOINT WARNING * * *
You hit the black bear.
The black bear is almost dead.
The black bear bites you.
* * * LOW HITPOINT WARNING * * *
The black bear claws you.
* * * LOW HITPOINT WARNING * * *
The black bear claws you but does no damage.
You hit the black bear. Your bite misses the black bear.
The black bear is almost dead.
The black bear bites you but does no damage.
The black bear claws you.
You die...

###.....## #........###
..........## #...(......
## #........# .#
######....$...##
.#######........h.....##
.#..............@......#
......##..........##.###
.#.._.##_.........# ##
.#.#####..........## ..#
...#######.........#....
.....#####......#....#
...._##._.....###..###
#....##.............##.
........................


You could see a black bear (berserk).

Vanquished Creatures
  An orc priest (D:3)
  3 adders
  2 worms (D:3)
  2 dart slugs (D:3)
  2 orcs (D:3)
  6 bats
  7 endoplasms
  3 giant cockroaches
  9 hobgoblins
  5 jackals (D:3)
  7 ball pythons
  3 frilled lizards
  4 goblins
  6 kobolds
  9 rats
69 creatures vanquished.

Notes
Turn   | Place    | Note
-------+----------+-------------------------------------------
     0 | D:1      | Hubris850 the Gnoll Wanderer began the quest for the Orb.
     0 | D:1      | Hubris850 set off with the following items: a +0 short
                  | sword, a +0 chain mail, a potion of curing, a scroll of
                  | fear.
     0 | D:1      | Reached XP level 1. HP: 13/13 MP: 1/1
   117 | D:1      | Reached XP level 2. HP: 17/19 MP: 2/2
   487 | D:1      | Reached XP level 3. HP: 25/25 MP: 3/3
   930 | D:2      | Reached skill level 1 in Invocations
  1104 | D:2      | Found an ancient bone altar of Kikubaaqudgha.
  1850 | D:3      | Reached skill level 1 in Fighting
  1850 | D:3      | Reached skill level 1 in Long Blades
  1850 | D:3      | Reached skill level 1 in Axes
  1850 | D:3      | Reached skill level 1 in Maces & Flails
  1850 | D:3      | Reached skill level 1 in Polearms
  1850 | D:3      | Reached skill level 1 in Staves
  1850 | D:3      | Reached skill level 1 in Ranged Weapons
  1850 | D:3      | Reached skill level 1 in Throwing
  1850 | D:3      | Reached skill level 1 in Shields
  1850 | D:3      | Reached skill level 1 in Unarmed Combat
  1850 | D:3      | Reached skill level 1 in Spellcasting
  1995 | D:3      | Reached skill level 1 in Shapeshifting
  1995 | D:3      | Reached XP level 4. HP: 32/32 MP: 5/5
  2165 | D:3      | Reached skill level 1 in Conjurations
  2165 | D:3      | Reached skill level 1 in Hexes
  2165 | D:3      | Reached skill level 1 in Summonings
  2165 | D:3      | Reached skill level 1 in Necromancy
  2165 | D:3      | Reached skill level 1 in Translocations
  2165 | D:3      | Reached skill level 1 in Transmutations
  2165 | D:3      | Reached skill level 1 in Fire Magic
  2165 | D:3      | Reached skill level 1 in Ice Magic
  2165 | D:3      | Reached skill level 1 in Air Magic
  2165 | D:3      | Reached skill level 1 in Earth Magic
  2165 | D:3      | Reached skill level 1 in Poison Magic
  2211 | D:3      | Reached XP level 5. HP: 27/37 MP: 5/7
  2801 | D:3      | Found a sacrificial altar of Ru.
  2802 | D:3      | Found a stormy altar of Qazlal.
  2904 | D:4      | Found a bloodstained altar of Trog.
  2906 | D:4      | Found an ancient bone altar of Kikubaaqudgha.
  2926 | D:4      | Found a radiant altar of Vehumet.
  2930 | D:4      | Found a snail-covered altar of Cheibriados.
  2958 | D:4      | Noticed a black bear
  2974 | D:4      | Slain by a black bear

Illustrated notes

Levels and vault maps discovered:
D:1:      minmay_arrival_three_doors, layout_loops_ring, chequers_mini_garden
D:2:      layout_loops_ring, serial_forest, infiniplex_forest_clump_curved,
          infiniplex_forest_straight_1, infiniplex_forest_side_room,
          infiniplex_forest_end_3, infiniplex_forest_clump_large,
          infiniplex_forest_clump_curved, infiniplex_forest_end_2, basic_altar,
          minmay_tree_intersection, minmay_misc_feat_rows
D:3:      layout_basic, minitemple, nrook_campfire
D:4:      layout_cave_pools, nicolae_overflow_macrodata_refinement,
          portal_sewer_entry_a

Skill      XL: |  1  2  3  4 |
---------------+-------------+-----
Invocations    | 1 |  1.6
Fighting       | 1 |  1.4
Long Blades    | 1 |  1.4
Axes           | 1 |  1.4
Maces & Flails | 1 |  1.4
Polearms       | 1 |  1.4
Staves         | 1 |  1.4
Ranged Weapons | 1 |  1.4
Throwing       | 1 |  1.4
Shields        | 1 |  1.4
Unarmed Combat | 1 |  1.4
Spellcasting   | 1 |  1.4
Shapeshifting  | 1 |  1.3
Conjurations   | 1 |  1.1
Hexes          | 1 |  1.1
Summonings     | 1 |  1.1
Necromancy     | 1 |  1.1
Translocations | 1 |  1.1
Transmutations | 1 |  1.1
Fire Magic     | 1 |  1.1
Ice Magic      | 1 |  1.1
Air Magic      | 1 |  1.1
Earth Magic    | 1 |  1.1
Poison Magic   | 1 |  1.1
Short Blades   | |  6.7
Armour         | |  8.6
Dodging        | |  2.9
Stealth        | |  2.7
Evocations     | |  2.9

Action                     |  1- 3 |  4- 6 || total
---------------------------+-------+-------++-------
  Melee: Short sword       |   537 |    62 ||   599
         Bite              |   103 |    13 ||   116
         Punch             |     9 |     2 ||    11
         War axe           |       |    15 ||    15
         Rapier            |       |    28 ||    28
   Fire: Sling             |    13 |     4 ||    17
  Throw: Dart              |       |    10 ||    10
    Use: Scroll            |       |     1 ||     1
 Armour: Chain mail        |    72 |       ||    72
         Plate armour      |    31 |    77 ||   108
  Dodge: Dodged            |    65 |    46 ||   111

Table legend: (Time is in decaauts)
 A = Elapsed time spent in this place.
 B = Non-inter-level travel time spent in this place.
 C = Inter-level travel time spent in this place.
 D = Time resting spent in this place.
 E = Time spent auto-exploring this place.
 F = Levels seen in this place.
 G = Mean time per level.
                   A        B        C        D        E       F      G
               +--------+--------+--------+--------+--------+-----+--------+
         Total |   2786 |   2636 |    150 |     20 |   1768 |   4 |  696.5 |
       Dungeon |   2786 |   2636 |    150 |     20 |   1768 |   4 |  696.5 |
               +--------+--------+--------+--------+--------+-----+--------+

Top non-repeatable levels by time:
     D:2: 1063 daAuts
     D:3: 1017 daAuts
     D:1: 612 daAuts
     D:4: 91 daAuts
